 Dungeon Crawl Stone Soup version 0.23-a0-449-g8e4cbf7 (webtiles) character file.

101 sl00ts the Chopper (level 4, 0/52 HPs)
             Began as a Demonspawn Berserker on Nov 22, 2018.
             Was a Believer of Trog.
             Succumbed to an orc wizard's poison
             ... on level 3 of the Dungeon.
             The game lasted 00:02:27 (1969 turns).

sl00ts the Chopper (Demonspawn Berserker)           Turns: 1969, Time: 00:02:28

Health: 0/52       AC:  2    Str: 23    XL:     4   Next: 48%
Magic:  2/4        EV: 11    Int:  8    God:    Trog [**....]
Gold:   77         SH:  0    Dex: 13    Spells: 3/3 levels left

rFire    + . .     SeeInvis .   a - +0 hand axe
rCold    . . .     Gourm    .   g - +0 buckler (curse)
rNeg     . . .     Faith    .   b - +0 animal skin
rPois    .         Spirit   +   (helmet restricted)
rElec    .         Reflect  .   (no cloak)
rCorr    .         Harm     .   (no gloves)
MR       .....                  (no boots)
Stlth    ..........             m - amulet of guardian spirit
HPRegen  0.17/turn              f - ring of fire
MPRegen  0.09/turn              p - ring of protection from cold

@: confused, berserking, lethally poisoned (0 -> -25), drained, very quick
A: horns 1, demonic guardian 1
a: Berserk, Trog's Hand, Renounce Religion


You were on level 3 of the Dungeon.
You worshipped Trog.
Trog was pleased with you.
You were very hungry.

You visited 1 branch of the dungeon, and saw 3 of its levels.

You collected 77 gold pieces.

Inventory:

Hand Weapons
 a - a +0 hand axe (weapon)
Armour
 b - a +0 animal skin (worn)
 g - a cursed +0 buckler (worn)
Jewellery
 f - a ring of fire (left hand)
 m - an amulet of guardian spirit (around neck)
 p - a ring of protection from cold (right hand)
Scrolls
 e - a scroll of amnesia {unknown}
 h - 7 scrolls of identify {unknown}
 j - 2 scrolls of immolation {unknown}
 k - a scroll of blinking {unknown}
 n - a scroll of remove curse {unknown}
 o - a scroll of enchant armour {unknown}
Potions
 d - a potion of curing {unknown}
 i - 2 potions of haste {unknown}
 l - a potion of flight {unknown}
Comestibles
 c - 6 rations
 q - 2 chunks of flesh


   Skills:
 - Level 3.0(2.7) Fighting
 * Level 4.5(4.3) Axes
 - Level 1.7(1.5) Armour
 - Level 1.7(1.5) Dodging
 + Level 1.3(1.0) Shields


You had 3 spell levels left.
You didn't know any spells.
Your spell library was empty.

Dungeon Overview and Level Annotations

Branches:
Dungeon (3/15)

Altars:


Innate Abilities, Weirdness & Mutations

You have a pair of small horns on your head.
A weak demonic guardian rushes to your aid.


Message History

You barely miss the orc wizard.
* * * LOW HITPOINT WARNING * * *
You feel sick. The orc wizard casts a spell at you.
You are confused.
You bump into the rock wall.
* * * LOW HITPOINT WARNING * * *
You feel sick. The adder completely misses you.
You closely miss the orc wizard.
The orc wizard is severely wounded.
You barely miss the adder.
* * * LOW HITPOINT WARNING * * *
You feel sick.
The orc wizard hits you with a +1 dagger of venom.
* * * LOW HITPOINT WARNING * * *
You are more poisoned.
The adder barely misses you.
You closely miss the adder. Your headbutt misses the adder.
You barely miss the orc wizard.
You die...

#?# #.#
#.# #..
#.# #.#
#.# #5#
#@#
#Soo...#
#o.#####
#..#
#..#
#..#
#...
##.#


You could see an orc wizard, an adder, 2 orcs and a friendly shadow imp.

Vanquished Creatures
  A hound skeleton (D:2)
  An adder (D:2)
  A worm (D:2)
  3 dart slugs
  4 leopard geckos
  An orc (D:3)
  A ball python (D:1)
  6 bats
  4 giant cockroaches
  9 hobgoblins
  10 jackals
  5 kobolds
  3 frilled lizards (D:2)
  7 goblins
  5 rats
61 creatures vanquished.

Notes
Turn   | Place    | Note
-------+----------+-------------------------------------------
     0 | D:1      | sl00ts the Demonspawn Berserker began the quest for the
                  | Orb.
     0 | D:1      | Reached XP level 1. HP: 18/18 MP: 1/1
    34 | D:1      | Reached skill level 3 in Axes
    45 | D:1      | Gained mutation: A weak demonic guardian rushes to your
                  | aid. [demonic ancestry]
    45 | D:1      | Reached XP level 2. HP: 10/24 MP: 2/2
   763 | D:1      | Gained mutation: You have a pair of small horns on your
                  | head. [demonic ancestry]
   763 | D:1      | Reached XP level 3. HP: 15/29 MP: 3/3
  1293 | D:1      | Reached ** piety under Trog
  1293 | D:1      | Reached skill level 4 in Axes
  1686 | D:2      | Reached XP level 4. HP: 22/35 MP: 2/4
  1686 | D:2      | Reached skill level 1 in Shields
  1968 | D:3      | HP: 1/52 [orc wizard/+1 dagger of venom (2)]
  1969 | D:3      | Succumbed to an orc wizard's poison

Vault maps used:
D:1:      dpeg_arrival_brainrot, minmay_box_of_dots
D:2:      first_ration
D:3:      cheibrodos_sewer_entry_bend

Skill      XL: |  1  2  3  4 |
---------------+-------------+-----
Axes           | 3 4 |  4.5
Shields        | 1 |  1.3
Fighting       | |  3.0
Armour         | |  1.7
Dodging        | |  1.7

Action                   |  1- 3 |  4- 6 || total
-------------------------+-------+-------++-------
Melee: Hand axe          |   123 |    30 ||   153
       Headbutt          |     9 |     4 ||    13
Invok: Berserk           |       |     1 ||     1
  Eat: Chunk             |     2 |     1 ||     3
Armor: Animal skin       |    23 |     6 ||    29
Dodge: Dodged            |    93 |    19 ||   112
Block: Buckler           |     4 |     2 ||     6

Table legend:
 A = Non-vault XP
 B = Vault XP
 C = Vault XP percentage of total XP
 D = Non-vault monster count
 E = Vault monster count
 F = Vault count percentage of total count
                 A         B        C        D         E       F
            +---------+---------+-------+---------+---------+-------
      Total |     139 |       6 |   4.1 |      58 |       3 |   4.9
            +---------+---------+-------+---------+---------+-------
        D:1 |      59 |       6 |   9.2 |      32 |       3 |   8.6
        D:2 |      77 |       0 |   0.0 |      25 |       0 |   0.0
        D:3 |       3 |       0 |   0.0 |       1 |       0 |   0.0
            +---------+---------+-------+---------+---------+-------
